 Dungeon Crawl Stone Soup version 0.25.1-2-g60ff931df9 (webtiles) character file.

Game seed: 3138465225017162767

154 Zachthehappycat2 the Slasher (level 5, 0/72 HPs)
             Began as a Minotaur Berserker on Nov 26, 2020.
             Was a Believer of Trog.
             Slain by a river rat (3 damage)
             ... on level 3 of the Dungeon.
             The game lasted 00:06:29 (1754 turns).

Zachthehappycat2 the Slasher (Minotaur Berserker)   Turns: 1754, Time: 00:06:30

Health: 0/72       AC: 22    Str: 22 (23) XL:     5   Next: 13%
Magic:  4/4        EV:  2    Int:  1 (4)  God:    Trog [**....]
Gold:   93         SH:  0    Dex:  7 (9)  Spells: 4/4 levels left

rFire    + . .     SeeInvis .   a - +0 falchion
rCold    + . .     Gourm    .   (no shield)
rNeg     + + +     Faith    .   (armour currently unavailable)
rPois    +         Spirit   .   (helmet currently unavailable)
rElec    +         Reflect  .   (cloak currently unavailable)
rCorr    +         Harm     .   (gloves currently unavailable)
MR       .....     NoTele   +   (boots currently unavailable)
Stlth    +.........             (no amulet)
HPRegen  0.22/turn              (no ring)
MPRegen  0.09/turn              (no ring)

@: tree-form, resistant, berserk cooldown, slowed, very slow
A: (retaliatory headbutt)
a: Berserk, Trog's Hand, Renounce Religion


You were on level 3 of the Dungeon.
You worshipped Trog.
Trog was pleased with you.
You were not hungry.
You were a tree.
You visited 1 branch of the dungeon, and saw 3 of its levels.

You collected 93 gold pieces.

Inventory:

Hand Weapons
 a - a +0 falchion (weapon)
Armour
 b - a +0 animal skin (melded)
Scrolls
 d - a scroll of enchant armour {unknown}
 f - a scroll of fear {unknown}
 h - 2 scrolls of identify
 j - a scroll of fog {unknown}
 m - 2 scrolls of remove curse {unknown}
 o - a scroll of teleportation {unknown}
Potions
 i - a potion of resistance
Comestibles
 c - 3 rations
 l - 2 chunks of flesh


   Skills:
 + Level 5.0 Fighting
 + Level 5.6 Long Blades
 + Level 2.9 Armour
 + Level 2.8 Dodging


You had 4 spell levels left.
You didn't know any spells.
Your spell library was empty.

Dungeon Overview and Level Annotations

Branches:
Dungeon (3/15)

Altars:


Innate Abilities, Weirdness & Mutations

((You reflexively headbutt those who attack you in melee.))
((You have a pair of horns on your head.))


Message History

Your roots penetrate the ground.
The river rat bites you but does no damage.
It was a potion of curing.
You feel better.
The river rat bites you but does no damage.
The river rat bites you.
* * * LOW HITPOINT WARNING * * *
You feel protected.
The river rat bites you but does no damage.
It was a potion of degeneration.
There was something very wrong with that liquid.
You feel weakened.
You feel dopey.
You feel clumsy.
The river rat bites you but does no damage.
The river rat bites you.
* * * LOW HITPOINT WARNING * * *
Okay, then.
You hit the river rat.
The river rat is moderately wounded.
The river rat bites you but does no damage.
The river rat bites you.
You die...

# .# ..
#####.## .
#......#
##.####......#
.......♣r#
##.###..#≈≈#
...#.## ≈#
#.#.# ≈# #)))#
# ###[##
#####....#
........##
####..#.#


You could see a river rat.

Vanquished Creatures
  An ogre (D:2)
  An adder (D:2)
  An ooze (D:1)
  2 dart slugs (D:1)
  6 leopard geckos
  3 orcs (D:3)
  3 giant cockroaches
  8 goblins
  6 hobgoblins
  5 kobolds
  2 bats
  3 frilled lizards (D:1)
  3 rats
44 creatures vanquished.

Notes
Turn   | Place    | Note
-------+----------+-------------------------------------------
     0 | D:1      | Zachthehappycat2 the Minotaur Berserker began the quest for
                  | the Orb.
     0 | D:1      | Reached XP level 1. HP: 19/19 MP: 0/0
    60 | D:1      | Reached XP level 2. HP: 27/27 MP: 1/1
   335 | D:1      | Reached XP level 3. HP: 31/33 MP: 2/2
  1006 | D:2      | Reached ** piety under Trog
  1037 | D:2      | Noticed an ogre
  1042 | D:2      | Killed an ogre
  1042 | D:2      | Reached skill level 5 in Long Blades
  1042 | D:2      | Reached XP level 4. HP: 41/41 MP: 3/3
  1187 | D:2      | Reached XP level 5. HP: 36/47 MP: 4/4
  1640 | D:2      | Reached skill level 5 in Fighting
  1749 | D:3      | HP: 1/48 [river rat (7)]
  1754 | D:3      | Slain by a river rat

Illustrated notes

Levels and vault maps discovered:
D:1:      minmay_arrival_five_plusses, layout_loops_ring
D:2:      layout_basic, first_ration
D:3:      layout_rooms, gup_sewer_entry_bowl, roderic_lattice_a, glass_columns_c

Skill      XL: |  1  2  3  4  5 |
---------------+----------------+-----
Long Blades    | 4 5 |  5.6
Fighting       | 4 5 |  5.0
Armour         | |  2.9
Dodging        | |  2.8

Action                   |  1- 3 |  4- 6 || total
-------------------------+-------+-------++-------
Melee: Falchion          |    50 |    31 ||    81
       Headbutt          |     9 |     5 ||    14
Invok: Berserk           |       |     1 ||     1
  Use: Potion            |       |     4 ||     4
       Scroll            |       |     1 ||     1
  Eat: Chunk             |       |     3 ||     3
Armor: Animal skin       |     9 |     7 ||    16
       Skin              |       |     5 ||     5
Dodge: Dodged            |    36 |    19 ||    55
       Rpst.: Falchion   |     7 |     4 ||    11
